 Dungeon Crawl Stone Soup version 0.25.1-2-g60ff931df9 (webtiles) character file.

Game seed: 14048622786993260703

20110 HawFromDerth the Brawler (level 12, -2/111 HPs)
             Began as a Troll Berserker on Sept 22, 2020.
             Was an Elder of Trog.
             Slain by a white ugly thing (21 damage)
             ... on level 12 of the Dungeon.
             The game lasted 00:27:33 (11548 turns).

HawFromDerth the Brawler (Troll Berserker)         Turns: 11548, Time: 00:27:33

Health: -2/111     AC:  7    Str: 32    XL:     12   Next: 42%
Magic:  11/11      EV: 15    Int:  3    God:    Trog [****..]
Gold:   476        SH:  5    Dex: 15    Spells: 11/11 levels left

rFire    . . .     SeeInvis .     - Unarmed
rCold    . . .     Gourm    +   (no shield)
rNeg     . . .     Faith    .   d - +1 robe
rPois    .         Spirit   .   (helmet restricted)
rElec    .         Reflect  +   (no cloak)
rCorr    .         Harm     .   (gloves unavailable)
MR       .....                  (boots unavailable)
Stlth    +++.......             p - amulet of reflection
HPRegen  0.68/turn              x - +6 ring of dexterity
MPRegen  0.12/turn              (no ring)

@: no status effects
A: large, unfitting armour, claws 3, fast metabolism 3, gourmand, regeneration
1, shaggy fur 1, tough skin 3
a: Berserk, Trog's Hand, Brothers in Arms, Renounce Religion


You were on level 12 of the Dungeon.
You worshipped Trog.
Trog was greatly pleased with you.
You were not hungry.

You visited 1 branch of the dungeon, and saw 13 of its levels.

You collected 744 gold pieces.
You spent 268 gold pieces at shops.

Inventory:

Armour
 d - a +1 robe (worn)
Jewellery
 a - an uncursed ring of protection from fire {unknown}
 p - an amulet of reflection (around neck)
 u - an uncursed amulet of magic regeneration
 x - a +6 ring of dexterity (left claw)
Wands
 j - a wand of random effects (10)
 D - a wand of clouds (4)
 G - a wand of flame (18)
 I - a wand of digging (7)
Scrolls
 c - a scroll of fog
 f - 2 scrolls of amnesia
 g - 2 scrolls of enchant weapon
 h - 3 scrolls of noise
 i - 4 scrolls of teleportation
 m - 3 scrolls of fear
 n - 5 scrolls of remove curse
 s - a scroll of magic mapping
 y - 5 scrolls of identify
 B - a scroll of enchant armour
 C - 2 scrolls of blinking {unknown}
 E - a scroll of torment {unknown}
 F - a scroll of summoning {unknown}
Potions
 e - 2 potions of degeneration
 k - a potion of berserk rage
 l - a potion of might
 o - 2 potions of haste
 r - 2 potions of flight
 t - 5 potions of curing
 v - 2 potions of stabbing
 w - a potion of invisibility {unknown}
 z - a potion of mutation {unknown}
Miscellaneous
 A - a box of beasts
Comestibles
 b - 27 rations


   Skills:
 + Level 5.6 Fighting
 + Level 8.3 Dodging
 + Level 4.0 Stealth
 + Level 15.7 Unarmed Combat


You had 11 spell levels left.
You didn't know any spells.
Your spell library was empty.

Dungeon Overview and Level Annotations

Branches:
Dungeon (13/15)            Temple (0/1) D:7            Lair (0/6) D:10
    Orc (0/2) D:10
 Vaults: D:13-14

Altars:
Hepliaklqana
Xom
The Shining One
Beogh

Shops:
D:5 [   D:7 [   D:8 }   D:9 *   D:10 %

Annotations:
D:13 2 runed translucent doors, SeriousMike's ghost, journeyman DEAs


Innate Abilities, Weirdness & Mutations

You are too large for most types of armour.
You have claws for hands.
Your metabolism is lightning-fast.
You like to eat raw meat.
Your natural rate of healing is unusually fast.
You are covered in fur. (AC +1)
You have extremely tough skin. (AC +3)


Message History

Your ogre hits the centaur warrior with a +0 giant spiked club!!
The centaur warrior dies!
Trog accepts your kill. The white ugly thing kicks you!
The white ugly thing freezes you!!
* * * LOW HITPOINT WARNING * * *
The centaur unwields a +2 shortbow of freezing.
The centaur barely misses your polar bear.
Your polar bear bites the white ugly thing.
Your polar bear claws the white ugly thing. x2
You climb upwards.
Your summoned ally is left behind.
There is a stone staircase leading down here.
You feel much better.
You block the white ugly thing's attack.
You are too injured to fight recklessly!
You mangle the white ugly thing!! Your claw misses the white ugly thing.
The white ugly thing is almost dead.
The white ugly thing kicks you!
* * * LOW HITPOINT WARNING * * *
The white ugly thing freezes you!!
You die...

##################
#@................
#u################
########
#.................
#......#
####'################
#......# #...>...#
#......# #.......#
#......# #.......####
####......#
#..........##########
...'......#
#.......##...........


You could see a white ugly thing.

Vanquished Creatures
  Josephine (D:11)
  Pikel (D:5)
  3 ugly things
  A deep elf mage (D:12)
  2 manticores
  2 slime creatures (D:10)
  A centaur zombie (D:12)
  Prince Ribbit (D:7)
  A hornet (D:9)
  Grinder (D:4)
  2 hippogriffs
  3 wraiths (D:11)
  12 yaks (D:12)
  Eustachio (D:4)
  A basilisk (D:12)
  A hungry ghost (D:9)
  Grum (D:11)
  3 vampire mosquitoes (D:12)
  A soldier ant (D:11)
  Edmund (D:4)
  2 water moccasins
  3 orc warriors
  4 sky beasts
  4 ice beasts
  2 phantoms
  A slave (D:5)
  2 black bears
  4 necrophages
  3 wolves (D:11)
  11 centaurs
  9 ogres
  3 big kobolds
  A wyvern zombie (D:8)
  6 bullfrogs
  A wyvern skeleton (D:7)
  4 scorpions
  9 killer bees
  2 howler monkeys
  10 wights (D:9)
  4 crimson imps
  2 bullfrog zombies (D:9)
  3 quasits
  11 hounds
  3 orc priests
  2 centaur skeletons
  5 jellies
  Jessica (D:3)
  7 iguanas
  9 worker ants
  10 orc wizards
  A hound zombie (D:8)
  2 hound skeletons
  Robin (D:3)
  A howler monkey skeleton (D:8)
  A howler monkey zombie (D:10)
  6 gnolls
  7 adders
  2 shadow imps
  3 oozes
  An adder skeleton (D:5)
  3 worms
  2 dart slugs
  7 leopard geckos
  52 orcs
  10 giant cockroaches
  18 goblins
  8 hobgoblins
  9 jackals
  17 kobolds
  6 quokkas
  3 ball pythons
  A ball python skeleton (D:4)
  5 bats
  4 frilled lizards
  A leopard gecko zombie (D:5)
  12 rats
361 creatures vanquished.

Vanquished Creatures (collateral kills)
  2 centaur warriors (D:13)
  3 two-headed ogres
  A skeletal warrior (D:13)
  A gargoyle (D:10)
  A komodo dragon (D:10)
  2 slime creatures (D:10)
  A hippogriff (D:10)
  A human (D:8)
  2 yaks (D:12)
  2 orc warriors (D:9)
  6 centaurs
  2 bullfrogs
  2 wyvern skeletons (D:10)
  A scorpion (D:10)
  6 killer bees
  4 howler monkeys
  A centaur zombie (D:8)
  A bullfrog zombie (D:10)
  7 orc priests
  4 orc wizards
  A bullfrog skeleton (D:6)
  A centaur skeleton (D:10)
  A worker ant (D:10)
  A hound skeleton (D:10)
  12 orcs
  A jackal (D:9)
  3 kobolds (D:8)
70 creatures vanquished.

Vanquished Creatures (others)
  A bullfrog (D:13)
  An orc (D:13)
2 creatures vanquished.

Grand Total: 433 creatures vanquished

Notes
Turn   | Place    | Note
-------+----------+-------------------------------------------
     0 | D:1      | HawFromDerth the Troll Berserker began the quest for the
                  | Orb.
     0 | D:1      | Reached XP level 1. HP: 22/22 MP: 0/0
    64 | D:1      | Reached XP level 2. HP: 25/29 MP: 1/1
   268 | D:1      | Reached XP level 3. HP: 36/36 MP: 2/2
   277 | D:1      | Reached ** piety under Trog
  1228 | D:3      | Reached XP level 4. HP: 45/45 MP: 3/3
  1341 | D:3      | Reached skill level 4 in Unarmed Combat
  1422 | D:3      | Reached *** piety under Trog
  1841 | D:3      | Noticed Jessica
  1845 | D:3      | Killed Jessica
  1849 | D:3      | Reached XP level 5. HP: 53/53 MP: 4/4
  1875 | D:3      | Noticed Robin
  1904 | D:3      | Killed Robin
  2334 | D:4      | Noticed an ogre
  2346 | D:4      | Killed an ogre
  2346 | D:4      | Reached skill level 5 in Unarmed Combat
  2346 | D:4      | Reached XP level 6. HP: 51/61 MP: 5/5
  2429 | D:4      | Found a shimmering altar of Xom.
  2452 | D:4      | Reached skill level 1 in Stealth
  2509 | D:4      | Reached skill level 6 in Unarmed Combat
  2509 | D:4      | Reached XP level 7. HP: 48/67 MP: 6/6
  2564 | D:4      | Noticed Eustachio
  2572 | D:4      | Killed Eustachio
  2778 | D:4      | Noticed Grinder
  2779 | D:4      | Paralysed by Grinder for 2 turns
  2786 | D:4      | Killed Grinder
  2786 | D:4      | Reached skill level 7 in Unarmed Combat
  2842 | D:4      | Reached **** piety under Trog
  2871 | D:4      | Reached XP level 8. HP: 72/78 MP: 7/7
  2885 | D:4      | Noticed Edmund
  2901 | D:4      | Killed Edmund
  3176 | D:5      | Entered Level 5 of the Dungeon
  3200 | D:5      | Found Poplacze's Armour Emporium.
  3217 | D:5      | Reached skill level 5 in Dodging
  3217 | D:5      | Reached skill level 8 in Unarmed Combat
  3310 | D:5      | Noticed Pikel
  3320 | D:5      | Killed Pikel
  3320 | D:5      | Reached skill level 9 in Unarmed Combat
  3947 | D:6      | Reached XP level 9. HP: 42/84 MP: 8/8
  4380 | D:6      | Reached skill level 10 in Unarmed Combat
  4973 | D:7      | Found a staircase to the Ecumenical Temple.
  5020 | D:7      | Noticed Prince Ribbit
  5028 | D:7      | Found a hazy altar of Hepliaklqana.
  5037 | D:7      | Killed Prince Ribbit
  5431 | D:7      | Found Lycko Nuo's Armour Shop.
  5557 | D:7      | Identified Tuilel's Volume of Transmutation
  5640 | D:7      | Bought a +0 robe for 8 gold pieces
  5709 | D:8      | Reached skill level 11 in Unarmed Combat
  6009 | D:8      | Reached XP level 10. HP: 94/94 MP: 9/9
  6033 | D:8      | Found Houkhos's Gadget Shoppe.
  6037 | D:8      | Bought a box of beasts for 260 gold pieces
  6839 | D:9      | Noticed a manticore
  6852 | D:9      | Killed a manticore
  6852 | D:9      | Reached skill level 12 in Unarmed Combat
  7065 | D:9      | Found Savoitt's Assorted Antiques.
  7629 | D:10     | Entered Level 10 of the Dungeon
  7629 | D:10     | Found a staircase to the Lair.
  7633 | D:10     | Found Xicu's Food Shop.
  7643 | D:10     | Noticed a two-headed ogre
  7661 | D:10     | Killed a two-headed ogre
  7661 | D:10     | Reached skill level 13 in Unarmed Combat
  7670 | D:10     | Noticed a gargoyle
  7680 | D:10     | Reached XP level 11. HP: 42/101 MP: 10/10
  7705 | D:10     | Noticed a two-headed ogre
  7708 | D:10     | Killed a two-headed ogre
  7708 | D:10     | Reached skill level 5 in Fighting
  7857 | D:10     | Found a staircase to the Orcish Mines.
  7921 | D:10     | Found a roughly hewn altar of Beogh.
  7932 | D:10     | Found a flagged portal.
  8787 | D:11     | Noticed a red ugly thing
  8797 | D:11     | Killed a red ugly thing
  8878 | D:11     | Noticed Josephine
  8899 | D:11     | Killed Josephine
  8899 | D:11     | Reached skill level 14 in Unarmed Combat
  9543 | D:11     | Noticed Grum
  9556 | D:11     | Killed Grum
 10121 | D:12     | Found a glowing golden altar of the Shining One.
 10317 | D:12     | Reached ***** piety under Trog
 10365 | D:12     | Noticed a two-headed ogre
 10375 | D:12     | Killed a two-headed ogre
 10592 | D:12     | Reached XP level 12. HP: 111/111 MP: 11/11
 10598 | D:12     | Reached skill level 15 in Unarmed Combat
 10954 | D:13     | Noticed a centaur warrior
 10958 | D:13     | Noticed a centaur warrior
 11528 | D:13     | Noticed SeriousMike's ghost (journeyman DEAs)
 11533 | D:13     | Found a runed translucent gate.
 11534 | D:13     | Found a runed translucent gate.
 11539 | D:13     | Killed a centaur warrior
 11540 | D:13     | Noticed a two-headed ogre
 11545 | D:13     | Killed a centaur warrior
 11548 | D:12     | Slain by a white ugly thing

Illustrated notes

Levels and vault maps discovered:
D:1:      dpeg_arrival_arbitrary_a, layout_basic, corexii_corridor_pit
D:2:      layout_rooms, minmay_pentomino_o2
D:3:      kennysheep_six_static_rooms, layout_basic, kennysheep_jessica_study,
          uniq_robin
D:4:      layout_loops_ring, first_ration, xom_teletrap_fun, uniq_edmund,
          uniq_eustachio, uniq_grinder
D:5:      minmay_angry_zag, layout_cave_pools, serial_column_ruins,
          column_ruins_grid_3, column_ruins_open_small,
          column_ruins_columns_corner, column_ruins_grid_2,
          column_ruins_open_tiny, column_ruins_columns_straight, serial_shops,
          nicolae_shop_statue_plus, uniq_pikel
D:6:      corexii_shack_village, layout_cave_pools
D:7:      layout_cave_pods, lemuel_crystal_altar,
          minmay_temple_entry_statues_fountains, serial_shops,
          kennysheep_little_box, uniq_prince_ribbit1
D:8:      layout_basic, serial_shops, shop, grunt_pizzeria
D:9:      layout_roguey, minmay_shop_grid_forest, skrybe_limestone_x
D:10:     layout_basic, lair_entry_dummy, minmay_orc_entry_temple_small,
          serial_shops, shop, enter_bailey_6
D:11:     layout_loops_corners, uniq_josephine, uniq_grum
D:12:     layout_basic, basic_altar, minivault_16
D:13:     layout_small_grid, david_vaults_2, gammafunk_ghost_split,
          nicolae_tso_carved_into_rock

Skill      XL: |  1  2  3  4  5  6  7  8  9 10 11 12 |
---------------+-------------------------------------+-----
Fighting       | 3 4 5 |  5.6
Dodging        | 3 4 5 6 7 8 |  8.3
Unarmed Combat | 4 5 6 7 9 11 13 14 15 | 15.7
Stealth        | 1 2 3 4 |  4.0

Action                   |  1- 3 |  4- 6 |  7- 9 | 10-12 || total
-------------------------+-------+-------+-------+-------++-------
Melee: Unarmed           |   115 |   140 |   231 |   508 ||   994
       Punch             |       |     3 |    16 |    41 ||    60
Invok: Berserk           |       |     1 |     1 |     3 ||     5
       Trog's Hand       |       |     1 |       |     1 ||     2
       Brothers in Arms  |       |       |     5 |    16 ||    21
  Use: Scroll            |     5 |       |    14 |     1 ||    20
       Potion            |       |       |     5 |     6 ||    11
 Stab: Sleeping          |       |     1 |     3 |     6 ||    10
       Distracted        |       |       |     1 |     2 ||     3
  Eat: Chunk             |    17 |    13 |    34 |    60 ||   124
Armor: Animal skin       |    33 |    66 |    47 |       ||   146
       Robe              |       |       |    13 |   107 ||   120
       Skin              |       |       |     1 |       ||     1
Dodge: Dodged            |    59 |    99 |   117 |   306 ||   581
Block: Other             |       |       |    21 |    82 ||   103
       Reflection        |       |       |     2 |    10 ||    12
